 Dungeon Crawl Stone Soup version 0.29.1-12-g30fa7ad0bf (webtiles) character file.

Game seed: 13325654619405200047

5657 Legno the Severer (level 10, -20/80 HPs)
             Began as a Minotaur Berserker on Dec 10, 2022.
             Was an Elder of Trog.
             Demolished by an ettin
             ... wielding a +0 dire flail
              (30 damage)
             ... on level 9 of the Dungeon on Dec 12, 2022.
             The game lasted 01:45:30 (11106 turns).

Legno the Severer (Minotaur Berserker)             Turns: 11106, Time: 01:45:31

Health: -20/80     AC: 15    Str: 26    XL:     10   Next: 46%
Magic:  9/9        EV:  9    Int:  4    God:    Trog [****..]
Gold:   359        SH:  0    Dex: 10    Spells: 9/9 levels left

rFire   + . .      SeeInvis .   a - +12 broad axe "Concordance" {vorpal, *Slow rN++}
rCold   . . .      Faith    .   (no shield)
rNeg    + + .      Spirit   .   j - +1 chain mail
rPois   .          Reflect  .   (helmet restricted)
rElec   .          Harm     .   r - +2 cloak
rCorr   .          Rampage  .   (no gloves)
Will    .....                   H - +0 pair of boots
Stlth   ..........              E - amulet of magic regeneration
HPRegen 0.23/turn               f - ring of protection from fire
MPRegen 0.51/turn               (no ring)

@: no status effects
A: horns 2, retaliatory headbutt
a: Renounce Religion, Berserk, Trog's Hand, Brothers in Arms


You were on level 9 of the Dungeon.
You worshipped Trog.
Trog was greatly pleased with you.
You visited 3 branches of the dungeon, and saw 11 of its levels.

You collected 548 gold pieces.
You spent 189 gold pieces at shops.

Inventory:

Hand Weapons
 a - the +12 broad axe "Concordance" (weapon) {vorpal, *Slow rN++}
   (You bought it in a shop on level 2 of the Dungeon)

   It inflicts extra damage upon your enemies.
   rN:        It greatly protects you from negative energy.
   *Slow:     It may slow you when you take damage.
 b - a +1 sling
 k - a +0 war axe
 L - a +1 dagger of venom
Missiles
 c - 3 boomerangs (quivered)
 e - 88 stones
 i - 6 javelins
 p - 17 poisoned darts
Armour
 j - a +1 chain mail (worn)
 n - a scarf of resistance
 r - a +2 cloak (worn)
 H - a +0 pair of boots (worn)
 K - an orb of mayhem
Jewellery
 f - a ring of protection from fire (left hand)
 E - an amulet of magic regeneration (around neck)
Wands
 w - a wand of mindburst (6)
 x - a wand of roots (10)
 y - a wand of flame (1)
 D - a wand of quicksilver (20)
 I - a wand of polymorph (6)
 J - a wand of charming (11)
Scrolls
 s - 2 scrolls of brand weapon
 t - 2 scrolls of teleportation
 B - a scroll of magic mapping
Potions
 d - 2 potions of haste
 g - a potion of lignification {unknown}
 l - 2 potions of invisibility {unknown}
 m - 2 potions of magic {unknown}
 o - 2 potions of berserk rage {unknown}
 q - a potion of might {unknown}
 u - a potion of brilliance {unknown}
 z - a potion of flight {unknown}
 A - a potion of resistance {unknown}
 C - 4 potions of curing
 F - a potion of attraction {unknown}
 G - a potion of degeneration {unknown}


   Skills:
 - Level 4.5 Fighting
 + Level 17.6 Axes
 - Level 5.1 Armour
 - Level 3.0 Dodging
 - Level 0.1 Stealth


You had 9 spell levels left.
You didn't know any spells.
Your spell library was empty.

Dungeon Overview and Level Annotations

Branches:
Dungeon (9/15)             Temple (1/1) D:7             Orc (1/2) D:9
   Lair: D:8-11

Altars:
Ashenzari
Cheibriados
Dithmenos
Elyvilon
Gozag
Hepliaklqana
Kikubaaqudgha
Makhleb
Nemelex Xobeh
Okawaru
Qazlal
Ru
Sif Muna
Trog
Uskayaw
Vehumet
Xom
Yredelemnul
Zin
The Shining One

Shops:
D:2 *   D:3 [:   D:6 *   D:7 !


Innate Abilities, Weirdness & Mutations

You have a pair of horns on your head.
You reflexively headbutt those who attack you in melee.


Message History

The orc warrior throws a boomerang.
The boomerang hits you. The warg bites you but does no damage.
The orc warrior closely misses you. The orc hits you but does no damage.
There is a staircase back to the Dungeon, spattered with blood here.
You can't go down here!
The warg completely misses you.
The orc wizard gestures at you while chanting.
You easily resist.
The orc hits you but does no damage.
The ettin hits you with a +0 dire flail! x2
The orc warrior throws a boomerang.
The boomerang hits you!
You climb upwards.
Welcome back to the Dungeon!
There is a staircase to the Orcish Mines here.
You feel much better. The warg bites you but does no damage.
The orc warrior hits you with a +0 war axe!
The orc hits you with a +0 club.
The orc wizard hits you but does no damage.
The ettin hits you with a +0 dire flail.
The ettin hits you with a +0 dire flail!!
* * * LOW HITPOINT WARNING * * *
Your ogre goes berserk!
The warg closely misses you.
The orc wizard points at you and mumbles some strange words.
The magic dart hits you but does no damage.
The warg bites you but does no damage. The orc hits you but does no damage.
The ettin barely misses you. You furiously retaliate!
You headbutt the ettin, but do no damage.
The ettin barely misses you.
The orc warrior hits you with a +0 war axe.
* * * LOW HITPOINT WARNING * * *
You fail to use your ability.
The warg bites you but does no damage.
Your ogre hits the warg with a +0 giant club!!!
The warg dies!
Trog accepts your kill. The orc wizard barely misses you.
You furiously retaliate!
You headbutt the orc wizard, but do no damage.
The orc closely misses you. You furiously retaliate!
You headbutt the orc.
The orc warrior hits you but does no damage.
The ettin barely misses you.
The ettin hits you with a +0 dire flail!!
You die...

#.##.#.###.# ##.# #.# #.##.#
..#.###....# #..# #.# #.##.#
.#.## ##.### ###.### #.# #.##.#
..## #######.....#####.###.#...
.#.## ##.#....[.8......#........#
.##.###.##.............##.##.#.##
.###)#..##.............##.##.#.##
.# ##...........oo........##.....
.# ####..8....o@[....8..###.#.##
.# ##......C.O......## #.#.# .#
##.............## #.#.# .#
####.............# #>#.## .#
#..#......8......# #..... ##
#.######.....##### ###.#. #
#..........### ######..# ##
#.####..#### #......## .## #.#
##..# #.#####.#


You could see an ettin, an orc warrior, an orc wizard, an orc and a friendly
ogre (summoned, berserk).

Vanquished Creatures
  A kobold demonologist (D:9)
  A troll (D:9)
  A hornet (D:9)
  3 shadows
  A wyvern (D:8)
  3 yaks (D:9)
  Menkaure (D:6)
  2 two-headed ogre zombies (D:9)
  3 water moccasins
  Duvessa (D:6)
  3 ice beasts
  3 orc warriors
  A black bear (D:5)
  3 ogres
  2 centaurs
  A phantom (D:9)
  3 kobold brigands
  A bullfrog (D:7)
  A necrophage (D:6)
  5 scorpions
  4 wights (D:8)
  A troll zombie (D:9)
  Dowan (D:6)
  6 killer bees (D:9)
  2 howler monkeys (D:9)
  2 jellies
  6 orc priests
  An iguana (D:6)
  11 orc wizards
  5 ogre zombies (D:9)
  Robin (D:4)
  5 adders
  2 shadow imps
  3 white imps
  An ufetubus (D:5)
  4 worms
  A dart slug (D:2)
  25 orcs
  5 bats
  6 endoplasms
  A giant cockroach (D:4)
  14 goblins
  7 hobgoblins
  9 jackals
  2 quokkas (D:1)
  2 ball pythons
  3 frilled lizards
  3 goblin skeletons (D:9)
  6 goblin zombies (D:9)
  A hobgoblin skeleton (D:9)
  A hobgoblin zombie (D:9)
  18 kobolds
  4 orc skeletons (D:9)
  10 orc zombies (D:9)
  4 rats
217 creatures vanquished.

Vanquished Creatures (collateral kills)
  A warg (D:9)
1 creature vanquished.

Grand Total: 218 creatures vanquished

Notes
Turn   | Place    | Note
-------+----------+-------------------------------------------
     0 | D:1      | Legno the Minotaur Berserker began the quest for the Orb.
     0 | D:1      | Reached XP level 1. HP: 19/19 MP: 0/0
   165 | D:1      | Reached skill level 4 in Axes
   267 | D:1      | Reached XP level 2. HP: 26/27 MP: 1/1
   908 | D:2      | Found Bistoabb's Assorted Antiques.
  1085 | D:2      | Found a faded altar of an unknown god.
  1118 | D:2      | Reached skill level 5 in Axes
  1204 | D:2      | Reached XP level 3. HP: 33/33 MP: 2/2
  1429 | D:2      | Reached ** piety under Trog
  1867 | D:3      | Found Kaguof's Book Shop.
  2156 | D:3      | Found Gioh's Antique Armour Shop.
  2167 | D:3      | Reached XP level 4. HP: 39/40 MP: 3/3
  2218 | D:3      | Found a stormy altar of Qazlal.
  2310 | D:3      | Found a snail-covered altar of Cheibriados.
  2349 | D:3      | Reached skill level 6 in Axes
  3275 | D:4      | Noticed Robin
  3317 | D:4      | Killed Robin
  3522 | D:5      | Entered Level 5 of the Dungeon
  3546 | D:5      | Reached XP level 5. HP: 29/46 MP: 4/4
  3738 | D:5      | Noticed a water moccasin
  3746 | D:5      | Killed a water moccasin
  3747 | D:5      | Reached skill level 7 in Axes
  3747 | D:5      | Reached XP level 6. HP: 33/52 MP: 5/5
  4083 | D:5      | Noticed a water moccasin
  4099 | D:5      | Killed a water moccasin
  4268 | D:5      | Reached skill level 8 in Axes
  4411 | D:5      | Reached XP level 7. HP: 60/60 MP: 6/6
  4490 | D:5      | Found a broken altar of Ashenzari.
  4569 | D:5      | Reached skill level 5 in Armour
  4672 | D:5      | Upgraded the game from 0.29.1-4-g47bece8355 to
                  | 0.29.1-12-g30fa7ad0bf
  4913 | D:2      | Bought a warped broad axe for 189 gold pieces
  4913 | D:2      | Identified the +12 broad axe "Concordance" {vorpal, *Slow
                  | rN++} (You bought it in a shop on level 2 of the Dungeon)
  5171 | D:6      | Noticed Dowan
  5171 | D:6      | Noticed Duvessa
  5192 | D:5      | Reached skill level 9 in Axes
  5244 | D:6      | Killed Dowan
  5245 | D:6      | Killed Duvessa
  5390 | D:6      | Noticed a shadow
  5399 | D:6      | Killed a shadow
  5400 | D:6      | Reached skill level 10 in Axes
  5400 | D:6      | Reached XP level 8. HP: 59/67 MP: 7/7
  5732 | D:6      | Found Picweq's General Store.
  5804 | D:6      | Reached skill level 11 in Axes
  6032 | D:6      | Found a sparkling altar of Nemelex Xobeh.
  6400 | D:6      | Reached *** piety under Trog
  6401 | D:6      | Reached skill level 12 in Axes
  6404 | D:6      | Noticed Menkaure
  6417 | D:6      | Killed Menkaure
  6863 | D:7      | Reached skill level 13 in Axes
  6863 | D:7      | Reached XP level 9. HP: 72/72 MP: 8/8
  7049 | D:7      | Found a staircase to the Ecumenical Temple.
  7448 | D:7      | Found Hot Veh's Distillery.
  7997 | Temple   | Entered the Ecumenical Temple
  7997 | Temple   | Found a transporter.
  7997 | Temple   | Found a transporter.
  7999 | Temple   | Found a transporter.
  7999 | Temple   | Found a transporter.
  8216 | D:8      | Reached skill level 14 in Axes
  8382 | D:8      | Found a sacrificial altar of Ru.
  8542 | D:8      | Found a white marble altar of Elyvilon.
  8542 | D:8      | Found a glowing silver altar of Zin.
  8788 | D:8      | Reached **** piety under Trog
  9092 | D:9      | Noticed a kobold demonologist
  9099 | D:9      | Killed a kobold demonologist
  9100 | D:9      | Reached skill level 15 in Axes
  9271 | D:9      | Noticed a troll
  9278 | D:9      | Killed a troll
  9375 | D:9      | Reached skill level 16 in Axes
  9387 | D:9      | Reached XP level 10. HP: 80/80 MP: 9/9
  9411 | D:9      | Found a staircase to the Orcish Mines.
 10324 | D:9      | Reached skill level 17 in Axes
 11023 | Orc:1    | Entered Level 1 of the Orcish Mines
 11049 | Orc:1    | Noticed an ettin
 11106 | D:9      | Demolished by an ettin

Illustrated notes

Levels and vault maps discovered:
D:1:      shiori_arrival_oz, layout_basic
D:2:      layout_loops_ring, serial_shops, shop,
          hellmonk_ecumenical_altar_lost_god, serial_rivers,
          chequers_serial_rivers_small_b, chequers_serial_rivers_marsh,
          chequers_serial_rivers_marsh, chequers_serial_rivers_marsh,
          chequers_serial_rivers_small_a, minmay_misc_feat_plants,
          corexii_item_surrounded_by_moat
D:3:      layout_basic, grunt_qazlal_clouds, cheibrodos_worm_habitat,
          serial_shops, shop, nicolae_shop_overgrown_old_shop
D:4:      layout_basic, uniq_robin
D:5:      layout_rooms, nicolae_overflow_hidden_temple
D:6:      layout_basic, mainiacjoe_overflow_24_doors, serial_shops,
          shop_fountains, sigmund_army, uniq_menkaure, uniq_duvessa
D:7:      layout_loops_ring, minmay_temple_entry_mini_moons, serial_shops, shop,
          hangedman_abyss_or_decor_slice, roderic_serpentine_path
D:8:      layout_basic, nicolae_ru_great_annihilating_truth,
          nicolae_overflow_two_pavilions
D:9:      layout_loops_ring, zombieorc2_lemuel
Temple:   hellmonk_temple_divided_pantheon
Orc:1:    layout_caves, basic_altar

Skill      XL: |  1  2  3  4  5  6  7  8  9 10 |
---------------+-------------------------------+-----
Axes           | 4 5 6 7 8 10 13 16 17 | 17.6
Armour         | 3 4 5 |  5.1
Fighting       | 4 |  4.5
Dodging        | 3 |  3.0
Stealth        | |  0.1

Action                   |  1- 3 |  4- 6 |  7- 9 | 10-12 || total
-------------------------+-------+-------+-------+-------++-------
Melee: Hand axe          |    32 |       |       |       ||    32
       Headbutt          |     7 |    10 |    22 |    16 ||    55
       Punch             |     2 |     1 |     2 |     1 ||     6
       War axe           |    43 |    90 |    24 |       ||   157
       Broad axe         |       |       |   135 |    91 ||   226
Throw: Boomerang         |       |     1 |     4 |       ||     5
Invok: Berserk           |       |       |     7 |     1 ||     8
       Trog's Hand       |       |       |     2 |     1 ||     3
       Brothers in Arms  |       |       |       |     1 ||     1
Evoke: Wand              |       |       |     1 |       ||     1
  Use: Scroll            |       |       |    11 |     4 ||    15
       Potion            |       |       |       |     3 ||     3
 Stab: Paralysed         |       |       |     1 |       ||     1
Armor: Animal skin       |     3 |       |       |       ||     3
       Ring mail         |     4 |       |       |       ||     4
       Chain mail        |    22 |    67 |    80 |    67 ||   236
Dodge: Dodged            |    33 |    43 |    55 |    49 ||   180
